 Dungeon Crawl Stone Soup version 0.31.0-12-g77e489cdc1 (webtiles) character file.

Game seed: 7901155271011368150

380 Maffolandro the Covered (level 6, -3/52 HPs)
             Began as an Armataur Fighter on Feb 18, 2024.
             Was an Initiate of Qazlal.
             Slain by Menkaure (6 damage)
             ... on level 4 of the Dungeon.
             The game lasted 00:07:47 (2205 turns).

Maffolandro the Covered (Armataur Fighter)          Turns: 2205, Time: 00:07:48

Health: -3/52      AC:  7    Str: 24    XL:     6   Next: 46%
Magic:  0/6        EV:  8    Int:  8    God:    Qazlal [......]
Gold:   163        SH:  5    Dex: 12    Spells: 5/5 levels left

rFire   . . .        a - +3 club (spect)
rCold   . . .        c - +0 buckler
rNeg    . . .        o - +2 leather armour of the Blind Marksman {Dex+3}
rPois   .            (no helmet)
rElec   .            (no cloak)
rCorr   .            (no gloves)
SInv    .            (no barding)
Will    .....        e - amulet of guardian spirit
Stlth   +            (no ring)
HPRegen 0.28/turn    (no ring)
MPRegen 0.43/turn

%: guardian spirit, roll
@: no status effects
A: large, deformed body, tough skin 3, armoured tail, roll 1
a: Renounce Religion


You were on level 4 of the Dungeon.
You worshipped Qazlal.
Qazlal was noncommittal.
You visited 2 branches of the dungeon, and saw 5 of its levels.

You collected 163 gold pieces.

Inventory:

Hand Weapons
 a - a +3 spectral club (weapon)
 b - a +0 morningstar
 s - a +1 flail of holy wrath
Armour
 c - a +0 buckler (worn)
 n - a +0 scale mail
 o - the +2 leather armour of the Blind Marksman (worn) {Dex+3}
   (You found it on level 2 of the Dungeon)

   Dex+3:     It affects your dexterity (+3).
Jewellery
 e - an amulet of guardian spirit (around neck)
Wands
 q - a wand of flame (20)
Scrolls
 h - 2 scrolls of teleportation {unknown}
 k - 5 scrolls of identify {unknown}
 p - a scroll of fear {unknown}
 r - a scroll of amnesia {unknown}
Potions
 d - a potion of might
 f - a potion of lignification {unknown}
 g - a potion of degeneration {unknown}
 i - a potion of cancellation {unknown}
 j - 2 potions of heal wounds {unknown}
 l - 2 potions of brilliance {unknown}
 m - 2 potions of enlightenment {unknown}
 t - a potion of attraction {unknown}


   Skills:
 - Level 4.0 Fighting
 * Level 4.3 Maces & Flails
 + Level 5.3 Armour
 - Level 4.0 Shields


You had 5 spell levels left.
You didn't know any spells.
Your spell library contained the following spells:

 Spells                   Type           Power      Damage    Failure   Level
 Slow                     Hex            0%         N/A       52%         1
 Confusing Touch          Hex            0%         N/A       87%         3
 Hailstorm                Conj/Ice       0%         3d5       87%         3
 Sigil of Binding         Hex            0%         N/A       87%         3
 Summon Ice Beast         Ice/Summ       0%         N/A       87%         3
 Vampiric Draining        Necr           0%         2d6       87%         3
 Sculpt Simulacrum        Ice/Alch       0%         N/A       100%        6


Dungeon Overview and Level Annotations

Branches:
Dungeon (4/15)             Temple (1/1) D:4

Altars:
Gozag
Hepliaklqana
Kikubaaqudgha
Makhleb
Nemelex Xobeh
Qazlal
Sif Muna
Uskayaw
Vehumet
Wu Jian
Xom
Yredelemnul
Zin
The Shining One

Shops:
D:2 [

Annotations:
D:4 Menkaure


Innate Abilities, Weirdness & Mutations

Armour fits poorly on your strangely shaped body.
You have extremely tough skin. (AC +3)
You have a long armoured tail.
You regenerate magic when rolling toward enemies. (Rampage MPRegen)


Message History

You now have 163 gold pieces (gained 12).
Menkaure, Prince of Dust comes into view.
Menkaure shouts!
Menkaure mumbles some strange words.
Menkaure seems to speed up.
Menkaure calls on the powers of darkness!
Your body is wracked with pain!
Menkaure grins.
You roll towards Menkaure!
Unknown command.
You hit Menkaure.
Menkaure is lightly damaged.
Your +3 spectral club hits Menkaure.
Menkaure hits you!
Unknown command.
You hit Menkaure but do no damage.
Menkaure is moderately damaged.
Your +3 spectral club completely misses Menkaure.
Menkaure barely misses you.
Unknown command.
You barely miss Menkaure. You tail-slap Menkaure.
Menkaure is moderately damaged.
Your +3 spectral club hits Menkaure.
Menkaure grins.
Menkaure hits you!
* * * LOW HITPOINT WARNING * * *
Menkaure calls on the powers of darkness!
Your body is wracked with pain!
* * * LOW HITPOINT WARNING * * *
You hit Menkaure.
Menkaure is severely damaged.
Your +3 spectral club hits Menkaure.
Menkaure calls on the powers of darkness!
Your body is wracked with pain!
* * * LOW HITPOINT WARNING * * *
Unknown command.
Unknown command.
You closely miss Menkaure.
Menkaure is severely damaged.
Your +3 spectral club hits Menkaure.
Menkaure hits you!
You die...

#....#..
.....#######...#..
#....##...##...# # #
#....##...##.#.### #.
#.....#........... #.#
#.....#.....#.#... #...
#....##...........
#...##....##+...#...#..
#....M@.......#.......#
#....(......#.....>[...
##..##.##.#...#.......#
## ####.###...#...#..
+.............#
#...##...#.#.##
#..#####...... #..#
##.#.#.. .... #... ##


You could see Menkaure (fast) and a friendly +3 spectral club.

Vanquished Creatures
  Grinder (D:3)
  2 bombardier beetles
  Jessica (D:2)
  2 adders
  2 dart slugs (D:1)
  3 ribbon worms
  An orc (D:4)
  6 bats
  8 endoplasms
  A giant cockroach (D:2)
  5 hobgoblins
  4 jackals (D:1)
  11 kobolds
  3 quokkas
  7 ball pythons
  5 frilled lizards
  4 goblins
  6 rats
72 creatures vanquished.

Notes
Turn   | Place    | Note
-------+----------+-------------------------------------------
     0 | D:1      | Maffolandro the Armataur Fighter began the quest for the
                  | Orb.
     0 | D:1      | Reached XP level 1. HP: 18/18 MP: 1/1
   118 | D:1      | Reached XP level 2. HP: 25/25 MP: 2/2
   647 | D:2      | Reached skill level 4 in Armour
   680 | D:2      | Reached XP level 3. HP: 29/30 MP: 3/3
   681 | D:2      | Identified the +2 leather armour of the Blind Marksman
                  | {Dex+3}
  1071 | D:2      | Found Visesora's Antique Armour Boutique.
  1186 | D:2      | Noticed Jessica
  1191 | D:2      | HP: 1/31 [+3 spectral club[Jessica] (1)]
  1197 | D:2      | Killed Jessica
  1198 | D:2      | Reached XP level 4. HP: 4/38 MP: 4/4
  1593 | D:3      | Noticed Grinder
  1620 | D:3      | Killed Grinder
  1621 | D:3      | Reached skill level 5 in Armour
  1621 | D:3      | Reached XP level 5. HP: 33/46 MP: 3/5
  1621 | D:3      | Reached XP level 6. HP: 37/52 MP: 3/6
  2118 | D:4      | Found a staircase to the Ecumenical Temple.
  2141 | Temple   | Entered the Ecumenical Temple
  2161 | Temple   | Became a worshipper of Qazlal Stormbringer
  2197 | D:4      | Noticed Menkaure
  2205 | D:4      | Slain by Menkaure

Illustrated notes

Levels and vault maps discovered:
D:1:      heliophobic_arrival_battle_scene, layout_basic
D:2:      layout_basic, serial_shops, nicolae_shop_peninsula,
          lexackson_kobold_supper, uniq_jessica
D:3:      layout_rooms, uniq_grinder
D:4:      layout_gridville, general_overflow_altar,
          minmay_temple_entry_sparse_star, uniq_menkaure
Temple:   nicolae_temple_bog_church

Skill      XL: |  1  2  3  4  5  6 |
---------------+-------------------+-----
Maces & Flails | 2 3 4 |  4.3
Armour         | 4 5 |  5.3
Fighting       | 3 4 |  4.0
Shields        | 4 |  4.0

Action                     |  1- 3 |  4- 6 || total
---------------------------+-------+-------++-------
  Melee: Flail             |   108 |       ||   108
         Tailslap          |    11 |    10 ||    21
         Morningstar       |    34 |       ||    34
         Club              |       |    56 ||    56
 Armour: Scale mail        |    55 |       ||    55
         Leather armour    |    65 |    27 ||    92
  Dodge: Dodged            |    55 |    10 ||    65
  Block: Buckler           |    39 |     5 ||    44
